 Dungeon Sprint DCSS version 0.30-a0-534-gdc55766716 (webtiles) character file.

Game seed: 12635832017429723761

2 rocky1 the Ducker (level 1, -2/16 HPs)
             Began as a Demonspawn Gladiator on Dec 25, 2022.
             Killed from afar by Jessica (6 damage)
             ... with a puff of flame
             ... in the Dungeon (Sprint III: "The Ten Rune Challenge").
             The game lasted 00:00:14 (43 turns).

rocky1 the Ducker (Demonspawn Gladiator)              Turns: 43, Time: 00:00:14

Health: -2/16      AC:  4    Str: 14    XL:     1   Next: 33%
Magic:  1/1        EV: 12    Int:  9    God:
Gold:   0          SH:  0    Dex: 14    Spells: 0/0 levels left

rFire   . . .      SeeInvis .    a - +0 flail
rCold   . . .      Faith    .    (no shield)
rNeg    . . .      Spirit   .    b - +0 leather armour
rPois   .          Reflect  .    c - +0 helmet
rElec   .          Harm     .    (no cloak)
rCorr   .          Rampage  .    (no gloves)
Will    .....      NoTele   +    (no boots)
Stlth   +                        (no amulet)
HPRegen 0.22/turn                (no ring)
MPRegen 0.07/turn                (no ring)

@: slowed, very slow
A: no striking features
a: no special abilities


You were in the Dungeon.
You visited 1 branch

Inventory:

Hand Weapons
 a - a +0 flail (weapon)
Missiles
 d - 2 throwing nets (quivered)
 e - a javelin
Armour
 b - a +0 leather armour (worn)
 c - a +0 helmet (worn)
Scrolls
 k - a scroll of blinking
 l - a scroll of magic mapping {unknown}
Potions
 f - a potion of curing
 g - a potion of heal wounds
 h - a potion of haste
 i - 2 potions of magic
 j - a potion of berserk rage


   Skills:
 + Level 2.1 Fighting
 + Level 3.1 Maces & Flails
 - Level 1.9 Throwing
 + Level 3.1 Dodging


You couldn't memorise any spells.
You didn't know any spells.
Your spell library was empty.

Dungeon Overview and Level Annotations

Branches:
Dungeon (1/1)

Altars:

Annotations:
D Jessica


Message History

Found a scroll labelled ERPHUU LUWEEXZORRICW.
The endoplasm quivers. x2
The endoplasm freezes you.
You are frozen.
You sock the endoplasm!
You kill the endoplasm!
The endoplasm freezes you.
You are frozen.
Your Maces & Flails skill increases to level 3!
Your Dodging skill increases to level 3!
You hit the endoplasm.
You kill the endoplasm!
Unknown command.
HP restored.
l - a scroll labelled ERPHUU LUWEEXZORRICW Jessica the Apprentice Sorceress comes into view.
She is wielding a +4 spectral club and carrying a wand of flame (22).
Jessica shouts!
Jessica zaps a wand.
The puff of flame hits you. Jessica casts a spell at you.
You feel yourself slow down.
You hit Jessica.
Jessica is heavily wounded.
Jessica hits you with a +4 spectral club!
Ouch! That really hurt!
* * * LOW HITPOINT WARNING * * *
Jessica zaps a wand.
The puff of flame misses you.
You barely miss Jessica.
Jessica is heavily wounded.
Jessica barely misses you.
Jessica mumbles some strange words.
Jessica blinks!
Throw: 3 throwing nets
Press: ? - help, Q - select action, (/) - cycle Shift-Dir - straight line, f - Jessica
Aim: Jessica, wielding a +4 spectral club, wearing a +0 robe and carrying a wand of flame (20) (heavily wounded, 59% to hit)
You throw a throwing net. The throwing net hits Jessica.
Jessica is caught in the net!
Jessica is heavily wounded.
Jessica struggles against the net.
Jessica zaps a wand.
The puff of flame hits you.
You die...

▓▓▓▓▓▓▓▓▓
▓<..#?..####
▓...#......##
▓..##....@..#
▓##.##.##..@#
##.##.###..#
▓#.####.# ..#
▓.###..## .##
▓#.....# .#
###..## .#
##..## .#
#..##


You could see Jessica (caught).

Vanquished Creatures
  2 endoplasms (D)
2 creatures vanquished.

Notes
Turn   | Place    | Note
-------+----------+-------------------------------------------
     0 | D        | rocky1 the Demonspawn Gladiator began the quest for the
                  | Orb.
     0 | D        | Reached XP level 1. HP: 16/16 MP: 1/1
    36 | D        | Noticed Jessica
    43 | D        | Killed from afar by Jessica

Illustrated notes

Levels and vault maps discovered:
D:        dungeon_sprint_mu [sprint_mu_entry_cave, sprint_mu_temple_rooms,
          sprint_mu_d1_horrors, sprint_mu_d2_genie, sprint_mu_d3_branching,
          sprint_mu_orc_legion, sprint_mu_elf_gauntlet, sprint_mu_hive_nellie,
          sprint_mu_lair_fedhas, sprint_mu_vaults_butterflies,
          sprint_mu_slime_circle, sprint_mu_swamp_cave, sprint_mu_shoals_kraken,
          sprint_mu_blade_basic, sprint_mu_crypt_fortress,
          sprint_mu_tomb_spiral, sprint_mu_vestibule_basic,
          sprint_mu_gehenna_hellfire, sprint_mu_dis_giant,
          sprint_mu_tartarus_statrot, sprint_mu_cocytus_islands, sprint_mu_zot1]

Skill      XL: |  1 |
---------------+----+-----
Maces & Flails | 3 |  3.1
Dodging        | 3 |  3.1
Fighting       | |  2.1
Throwing       | |  1.9

Action                   || total
-------------------------++-------
Melee: Flail             ||     4
Throw: Throwing net      ||     1
Dodge: Dodged            ||     2

Table legend: (Time is in decaauts)
 A = Elapsed time spent in this place.
 B = Non-inter-level travel time spent in this place.
 C = Inter-level travel time spent in this place.
 D = Time resting spent in this place.
 E = Time spent auto-exploring this place.
 F = Levels seen in this place.
 G = Mean time per level.
                   A        B        C        D        E       F      G
               +--------+--------+--------+--------+--------+-----+--------+
         Total |     45 |     45 |      0 |      0 |     30 |   1 |   45.0 |
       Dungeon |     45 |     45 |      0 |      0 |     30 |   1 |   45.0 |
               +--------+--------+--------+--------+--------+-----+--------+

Top non-repeatable levels by time:
       D: 45 daAuts
